 Dungeon Crawl Stone Soup version 0.16.1-30-g34a7ffa (webtiles) character file.

5212 Jb9000 the Sneak (level 10, -5/61 HPs)
             Began as a Gargoyle Fighter on June 26, 2015.
             Was a Priest of Qazlal.
             Killed from afar by a gargoyle (26 damage)
             ... with a stone arrow
             ... on level 10 of the Dungeon on June 27, 2015.
             The game lasted 00:56:08 (10376 turns).

Jb9000 the Sneak (Gargoyle Fighter)                Turns: 10376, Time: 00:56:08

Health: -5/61      AC: 14    Str: 21    XL:     10   Next: 61%
Magic:  29/29      EV: 11    Int: 17    God:    Qazlal [***...]
Gold:   202        SH: 16    Dex: 11    Spells: 1 memorised, 13 levels left

rFire  x x .     SeeInvis .     B - +10 dagger "Wuah" {pierce, -Cast rPois rF- Int+8}
rCold  + + .     Clarity  .     a - +2 robe of Thiten {-Cast +Fly rF- rC++ MR+}
rNeg   + . .     SustAb   .     c - +1 shield
rPois  ∞         Gourm    .     (helmet restricted)
rElec  +         Spirit   .     f - +0 cloak
rCorr  .         Warding  .     (no gloves)
rMut   .         Stasis   .     D - +0 pair of boots
MR     +....     NoCast   +     (no amulet)
Stlth  ++........               t - ring of magical power
                                (no ring)

@: very slightly contaminated, hasted, very quick, somewhat resistant to hostile
enchantments, unstealthy
A: horns 1, blurry vision 1, negative energy resistance 1, electricity
resistance, wild magic 1, unbreathing, petrification resistance, rot immunity,
AC +7
a: Upheaval, Elemental Force, Renounce Religion, Evoke Flight


You were on level 10 of the Dungeon.
You worshipped Qazlal.
Qazlal was most pleased with you.
You were hungry.

You visited 1 branch of the dungeon, and saw 10 of its levels.

You collected 464 gold pieces.
You spent 262 gold pieces at shops.

Inventory:

Hand weapons
 x - a +2 blowgun
 z - a +3 dagger
 B - the +10 dagger "Wuah" (weapon) {pierce, -Cast rPois rF- Int+8}
   (You found it on level 6 of the Dungeon)

   It inflicts extra damage upon your enemies.
   It affects your intelligence (+8).
   It makes you vulnerable to fire.
   It protects you from poison.
   It prevents spellcasting.
Missiles
 h - 25 bolts
 k - 46 poisoned needles
 l - 11 bolts of frost
 s - 10 tomahawks (quivered)
Armour
 a - the +2 robe of Thiten (worn) {-Cast +Fly rF- rC++ MR+}
   (You bought it in a shop on level 5 of the Dungeon)

   It makes you vulnerable to fire.
   It greatly protects you from cold.
   It affects your resistance to hostile enchantments.
   It lets you fly.
   It prevents spellcasting.
 b - a +0 scale mail
 c - a +1 shield (worn)
 f - a +0 cloak (worn)
 p - a +0 helmet
 C - a +0 shield
 D - a +0 pair of boots (worn)
Jewellery
 j - an uncursed ring of ice
 t - a ring of magical power (right hand)
Magical devices
 i - a wand of paralysis (8)
 n - a wand of teleportation (3)
 o - a wand of draining (7)
 E - a wand of polymorph (20)
 J - a wand of slowing (17)
Scrolls
 m - a scroll of recharging
 q - 2 scrolls of magic mapping
 r - 4 scrolls of identify
 u - 2 scrolls of fear
 y - 2 scrolls of teleportation
 A - 2 scrolls of blinking
 H - a scroll of remove curse
 K - a scroll of amnesia
 M - a scroll of fog
Potions
 e - a potion of might
 g - a potion of haste
 w - 5 potions of curing
 F - 2 potions of cancellation
 N - a potion of restore abilities {unknown}
Books
 v - a book of the Warp

   Spells                             Type                      Level
   a - Recall                         Summoning/Translocation      3
   b - Control Teleport               Charms/Translocation         4
   c - Force Lance                    Conjuration/Translocation    4
   d - Phase Shift                    Translocation                5
   e - Warp Weapon                    Charms/Translocation         5
   f - Gell's Gravitas                Hexes/Translocation          5
   g - Summon Forest                  Summoning/Translocation      5
Comestibles
 d - 3 bread rations
 G - 4 meat rations
 L - 10 royal jellies


   Skills:
 + Level 6.6 Fighting
 + Level 3.7 Short Blades
   Level 3.4 Maces & Flails
 + Level 4.5 Throwing
 + Level 6.5 Armour
 + Level 4.0 Dodging
 - Level 7.0 Stealth
 + Level 6.8 Shields
 + Level 4.1 Spellcasting
 * Level 4.6 Conjurations


You had 13 spell levels left.
You knew the following spells:

 Your Spells              Type           Power        Failure   Level  Hunger
a - Force Lance           Conj/Tloc      ###.....     99%         4    ####...


Dungeon Overview and Level Annotations

Branches:
Dungeon (10/15)            Temple (0/1) D:4            Lair (0/8) D:9
    Orc: D:9-12

Altars:
Elyvilon
Kikubaaqudgha
Okawaru
Qazlal
Ru
Sif Muna
Vehumet
Zin
The Shining One

Shops:
D:4 !   D:5 [   D:8 %

Annotations:
D:4 Duvessa


Innate Abilities, Weirdness & Mutations

You are resistant to torment.
You are immune to poison.
Your stone body is very resilient (AC +7).
You resist negative energy.
You are resistant to electric shocks.
You can survive without breathing.
You are immune to petrification.
You are immune to rotting.
You have a pair of small horns on your head.
Scrolls take you a little longer to read.
Your spells are a little harder to cast, but a little more powerful.


Message History

The orc priest hits you with a dagger.
* * * LOW HITPOINT WARNING * * *
Drink which item? (? for menu, Esc to quit)
You feel yourself speed up.
You are feeling hungry.
The orc barely misses you.
The gargoyle hurls a stone arrow at you.
You block the stone arrow. The orc priest hits you with a dagger.
* * * LOW HITPOINT WARNING * * *
You are very lightly contaminated with residual magic.
Drink which item? (? for menu, Esc to quit)
You feel better. You block the gargoyle's attack. The orc closely misses you.
Drink which item? (? for menu, Esc to quit)
You feel better. You block the orc priest's attack.
You hit the gargoyle but do no damage.
You headbutt the gargoyle, but do no damage.
The gargoyle is lightly damaged.
The gargoyle hurls a stone arrow at you.
The stone arrow hits you!
You die...

## .#### .# ......
.# .......##.#
#........#
#........#
#..♣♣..o..#
.....PPo@9#
#.....♣♣..#
#........#
##..##.(..#
##....##...# ##
#......#...##..##.
#<....#......#
#............#
#............#


You could see a gargoyle, an orc priest and an orc.

Vanquished Creatures
  A troll (D:9)
  A boulder beetle (D:9)
  Grinder (D:4)
  A two-headed ogre (D:8)
  A deep elf mage (D:9)
  A wyvern (D:8)
  A hippogriff (D:7)
  2 water moccasins (D:8)
  7 ice beasts
  2 orc warriors
  3 sky beasts
  A black bear (D:8)
  2 centaurs
  2 phantoms
  6 ogres
  A crocodile (D:7)
  5 giant frogs
  A wyvern zombie (D:10)
  2 scorpions
  4 jellies
  A giant frog zombie (D:5)
  Dowan (D:4)
  5 crimson imps
  A quasit (D:8)
  4 orc priests
  4 hounds
  5 worker ants
  2 orc wizards
  A hound skeleton (D:9)
  A hound zombie (D:8)
  Robin (D:2)
  7 gnolls
  15 adders
  3 giant mites
  A shadow imp (D:5)
  A worm (D:5)
  2 adder zombies
  3 giant geckos
  5 oozes (D:8)
  12 orcs
  A bat skeleton (D:5)
  4 giant cockroaches
  18 hobgoblins
  15 kobolds
  7 quokkas
  9 bats
  A giant gecko skeleton (D:6)
  7 giant newts
  21 goblins
  21 rats
224 creatures vanquished.

Notes
Turn   | Place    | Note
--------------------------------------------------------------
     0 | D:1      | Jb9000, the Gargoyle Fighter, began the quest for the Orb.
     0 | D:1      | Reached XP level 1. HP: 14/14 MP: 1/1
    39 | D:1      | Reached XP level 2. HP: 19/19 MP: 2/2
    71 | D:1      | Reached skill level 1 in Stealth
   506 | D:1      | Reached XP level 3. HP: 18/23 MP: 3/3
   852 | D:2      | Reached XP level 4. HP: 25/28 MP: 4/4
   884 | D:2      | Noticed Robin
   933 | D:2      | Killed Robin
  1223 | D:2      | Reached skill level 4 in Shields
  1359 | D:2      | Found a glowing silver altar of Zin.
  1359 | D:2      | Found a glowing golden altar of the Shining One.
  1360 | D:2      | Found a white marble altar of Elyvilon.
  1454 | D:2      | Became a worshipper of the Shining One
  1563 | D:2      | Reached XP level 5. HP: 31/33 MP: 5/5
  1609 | D:2      | Found a stormy altar of Qazlal.
  1617 | D:2      | Fell from the grace of the Shining One
  1617 | D:2      | Became a worshipper of Qazlal Stormbringer
  2114 | D:3      | Reached skill level 1 in Dodging
  2809 | D:4      | Found an iron altar of Okawaru.
  2927 | D:4      | Found Falojixo's Distillery.
  2980 | D:4      | Found a deep blue altar of Sif Muna.
  3013 | D:4      | Reached skill level 1 in Spellcasting
  3028 | D:4      | Reached XP level 6. HP: 10/38 MP: 6/8
  3247 | D:4      | Noticed an ogre
  3254 | D:4      | Killed an ogre
  3329 | D:4      | Found a staircase to the Ecumenical Temple.
  3457 | D:4      | Noticed Duvessa
  3458 | D:4      | Noticed Dowan
  3459 | D:4      | Noticed Grinder
  3473 | D:4      | Paralysed by Grinder for 5 turns
  3483 | D:4      | Killed Dowan
  3483 | D:4      | Reached skill level 1 in Throwing
  3932 | D:4      | Paralysed by Grinder for 6 turns
  3938 | D:4      | Killed Grinder
  3938 | D:4      | Acquired Qazlal's first power
  3938 | D:4      | Reached XP level 7. HP: 24/43 MP: 12/12
  4079 | D:4      | Bought 2 potions of curing for 84 gold pieces
  4079 | D:4      | Bought a potion of curing for 42 gold pieces
  4231 | D:5      | Entered Level 5 of the Dungeon
  4492 | D:5      | Found Fiuckoak's Antique Armour Shoppe.
  4994 | D:5      | Reached skill level 5 in Stealth
  4994 | D:5      | Reached XP level 8. HP: 37/48 MP: 14/14
  5114 | D:5      | Reached skill level 1 in Short Blades
  5114 | D:5      | Reached skill level 5 in Shields
  5444 | D:6      | Got an ichor-stained dagger
  5445 | D:6      | Identified the +10 dagger "Wuah" {pierce, -Cast rPois rF- Int+8} (You found it on level 6 of the Dungeon)
  5569 | D:6      | Gained mutation: Your spells are a little easier to cast, but a little less powerful. [potion of mutation]
  5569 | D:6      | Gained mutation: You are weak. (Str -2) [potion of mutation]
  5569 | D:6      | Gained mutation: Your wings are large and strong. [potion of mutation]
  5908 | D:6      | Paralysed by a crimson imp for 5 turns
  6149 | D:6      | Reached skill level 5 in Fighting
  6149 | D:6      | Reached skill level 6 in Stealth
  6158 | D:6      | Reached skill level 5 in Armour
  6363 | D:6      | Found a sacrificial altar of Ru.
  6431 | D:7      | Acquired Qazlal's second power
  6434 | D:7      | Reached XP level 9. HP: 44/54 MP: 17/17
  7130 | D:7      | Reached skill level 7 in Stealth
  7218 | D:7      | Learned a level 4 spell: Force Lance
  7445 | D:8      | Reached skill level 1 in Conjurations
  7447 | D:8      | Found a deep blue altar of Sif Muna.
  7497 | D:8      | Lost mutation: Your spells are a little easier to cast, but a little less powerful. [potion of cure mutation]
  7497 | D:8      | Lost mutation: You are weak. (Str -2) [potion of cure mutation]
  7497 | D:8      | Lost mutation: Your wings are large and strong. [potion of cure mutation]
  7667 | D:8      | Found Weriar's Food Shoppe.
  7914 | D:5      | Bought a bloodstained robe for 136 gold pieces
  7924 | D:5      | Identified the +2 robe of Thiten {-Cast +Fly rF- rC++ MR+} (You bought it in a shop on level 5 of the Dungeon)
  8138 | D:8      | Found an ancient bone altar of Kikubaaqudgha.
  8197 | D:8      | Reached XP level 10. HP: 46/60 MP: 19/19
  8375 | D:8      | Acquired Qazlal's third power
  8714 | D:8      | Found a radiant altar of Vehumet.
  9384 | D:9      | Found a radiant altar of Vehumet.
  9398 | D:9      | Gained mutation: You have a pair of small horns on your head. [mutagenic meat]
  9399 | D:9      | Gained mutation: Scrolls take you a little longer to read. [mutagenic meat]
  9400 | D:9      | Gained mutation: Your spells are a little harder to cast, but a little more powerful. [mutagenic meat]
  9778 | D:9      | Found a staircase to the Lair.
 10325 | D:10     | Entered Level 10 of the Dungeon
 10376 | D:10     | Killed from afar by a gargoyle

Action                   |  1- 3 |  4- 6 |  7- 9 | 10-12 || total
-------------------------+-------+-------+-------+-------++-------
Melee: Flail             |    96 |   259 |    61 |       ||   416
       Dagger            |       |       |   244 |   147 ||   391
 Fire: Blowgun           |       |     3 |    71 |    58 ||   132
Throw: Tomahawk          |       |     4 |       |       ||     4
 Abil: Fly               |       |       |     1 |       ||     1
       Evoke Flight      |       |       |     1 |       ||     1
Evoke: Wand              |       |     2 |       |       ||     2
  Use: Scroll            |     2 |    10 |     8 |     1 ||    21
       Potion            |       |     5 |     9 |     3 ||    17
 Stab: Sleeping          |       |       |     4 |     1 ||     5
       Distracted        |       |       |     1 |     2 ||     3
  Eat: Chunk             |       |     2 |     2 |     8 ||    12
       Beef jerky        |       |     2 |       |       ||     2
       Fruit             |       |     5 |     2 |       ||     7
       Bread ration      |       |     1 |     1 |       ||     2
       Meat ration       |       |       |     1 |       ||     1
